 Dungeon Crawl Stone Soup version 0.18.1-6-gd335043 (webtiles) character file.

116 Implojin the Insei (level 4, -4/35 HPs)
             Began as a Mummy Monk on May 20, 2016.
             Slain by a centaur (10 damage)
             ... on level 3 of the Dungeon.
             The game lasted 00:05:28 (3378 turns).

Implojin the Insei (Mummy Monk)                     Turns: 3378, Time: 00:05:29

Health: -4/35      AC:  3    Str: 14    XL:     4   Next: 70%
Magic:  4/4        EV: 13    Int:  9    God:
Gold:   85         SH:  0    Dex: 15    Spells: 0 memorised, 3 levels left

rFire  x . .     SeeInvis .       - Unarmed
rCold  + . .     Gourm    .     (no armour)
rNeg   + + +     Faith    .     (no shield)
rPois  ∞         Spirit   .     (no helmet)
rElec  .         Dismiss  .     (no cloak)
rCorr  .         Reflect  .     (no gloves)
SustAt .         Harm     .     b - +2 pair of boots
MR     .....                    (no amulet)
Stlth  ++........               (no ring)
                                (no ring)

@: about to teleport, not resistant to hostile enchantments, unstealthy
A: no food or potions, fire vulnerability, cold resistance 1, negative energy
resistance 3, torment resistance, unbreathing
a: no special abilities


You were on level 3 of the Dungeon.
You were not hungry.

You visited 1 branch of the dungeon, and saw 3 of its levels.

You collected 85 gold pieces.

Inventory:

Armour
 b - a +2 pair of boots (worn)
Scrolls
 a - 2 scrolls of remove curse {unknown}
 c - a scroll of fear {unknown}
 d - 2 scrolls of teleportation
 e - a scroll of noise {unknown}
 f - a scroll of immolation {unknown}


   Skills:
 - Level 3.0 Fighting
 - Level 2.4 Dodging
 - Level 1.5 Stealth
 * Level 5.1 Unarmed Combat


You had 3 spell levels left.
You didn't know any spells.

Dungeon Overview and Level Annotations

Branches:
Dungeon (3/15)

Altars:
Pakellas

Annotations:
D:3 Jase's ghost, amateur MfTm


Innate Abilities, Weirdness & Mutations

You do not eat or drink.
Your flesh is vulnerable to fire.
You are immune to poison.
Your flesh is cold resistant.
You are immune to negative energy.
You are immune to unholy pain and torment.
You can survive without breathing.


Message History

The hobgoblin hits you with a club.
You closely miss the hobgoblin.
You punch the hobgoblin, but do no damage.
The hobgoblin is moderately wounded.
You completely miss the hobgoblin.
The hobgoblin is moderately wounded.
The hobgoblin hits you with a club.
You punch the hobgoblin!
You kill the hobgoblin!
Things that are here:
a club; a hobgoblin corpse You start resting.
A centaur comes into view.
The centaur shouts!
The centaur wields a shortbow.
The centaur shoots an arrow.
The arrow hits you!
Read which item? (? for menu, Esc to quit)
Okay, then.
The centaur unwields an uncursed shortbow.
The centaur hits you. The centaur hits you!
* * * LOW HITPOINT WARNING * * *
Read which item? (? for menu, Esc to quit)
As you read the scroll labeled MIRILE GAKU, it crumbles to dust.
You feel strangely unstable.
It was a scroll of teleportation.
The centaur closely misses you.
You punch the centaur!
The centaur is moderately wounded.
The centaur hits you!
* * * LOW HITPOINT WARNING * * *
You hit the centaur. Your punch misses the centaur.
The centaur is heavily wounded.
The centaur barely misses you. The centaur hits you.
* * * LOW HITPOINT WARNING * * *
You completely miss the centaur.
The centaur is heavily wounded.
The centaur hits you.
* * * LOW HITPOINT WARNING * * *
You hit the centaur but do no damage.
The centaur is heavily wounded.
The centaur hits you!
You die...

#.#(# #.#.# #.#.#
#.....# #.#.# #.....#
#.#.# #.....# #.#.#
#.....####.#.#
#.....#....c.###.#
#.....#.....@....#
#####.....#.....##...#
..........#......# #.#
#####.....#......# #
......#+#..).....#
.####.# #.####.#.# ##
#.# #.# #.#.# ..# #.#
#.#.# ### #.# #.#.#


You could see a centaur.

Vanquished Creatures
  Jessica (D:2)
  A gnoll (D:1)
  An ooze (D:1)
  2 worms (D:2)
  A dart slug (D:2)
  3 giant geckos
  An orc (D:2)
  11 bats
  2 giant cockroaches (D:1)
  3 goblins (D:2)
  12 hobgoblins
  6 jackals
  8 kobolds
  A quokka (D:3)
  2 ball pythons (D:1)
  A giant newt (D:1)
  6 rats
62 creatures vanquished.

Notes
Turn   | Place    | Note
--------------------------------------------------------------
     0 | D:1      | Implojin the Mummy Monk began the quest for the Orb.
     0 | D:1      | Reached XP level 1. HP: 18/18 MP: 1/1
   543 | D:1      | Reached XP level 2. HP: 24/24 MP: 2/2
  1164 | D:1      | Reached skill level 4 in Unarmed Combat
  1216 | D:1      | Reached XP level 3. HP: 22/29 MP: 3/3
  2460 | D:2      | Reached XP level 4. HP: 35/35 MP: 4/4
  2568 | D:2      | Noticed Jessica
  2576 | D:2      | Killed Jessica
  2733 | D:2      | Reached skill level 5 in Unarmed Combat
  2837 | D:2      | Found an oddly glowing altar of Pakellas.
  2837 | D:2      | Noticed a purple ugly thing
  2991 | D:3      | Noticed Jase's ghost (amateur MfTm)
  3370 | D:3      | Noticed a centaur
  3378 | D:3      | Slain by a centaur

Skill      XL: |  1  2  3  4 |
---------------+-------------+-----
Unarmed Combat | 4 5 |  5.1
Fighting       | |  3.0
Dodging        | |  2.4
Stealth        | |  1.5

Action                   |  1- 3 |  4- 6 || total
-------------------------+-------+-------++-------
Melee: Unarmed           |   171 |    62 ||   233
       Punch             |     4 |     1 ||     5
  Use: Scroll            |       |     1 ||     1
 Stab: Sleeping          |     9 |       ||     9
Armor: Skin              |    30 |    12 ||    42
Dodge: Dodged            |   131 |    32 ||   163

Table legend:
 A = Turns spent in this place as a percentage of turns spent in the entire game.
 B = Non-inter-level travel turns spent in this place as a percentage of non-inter-level travel turns spent in the entire game.
 C = Inter-level travel turns spent in this place as a percentage of turns spent in this place.
 D = Turns resting spent in this place as a percentage of non-inter-level travel turns spent in this place.
 E = Turns spent auto-exploring this place as a percentage of non-inter-level travel turns spent in this place.
 F = Non-inter-level travel turns spent in this place divided by the number of levels of this place that you've seen.
                   A       B       C       D       E      F
               +-------+-------+-------+-------+-------+----------------------
         Total | 100.0 | 100.0 |   0.4 |   4.4 |   5.7 | 300.7
       Dungeon | 100.0 | 100.0 |   0.4 |   4.4 |   5.7 | 300.7
               +-------+-------+-------+-------+-------+----------------------

Table legend:
 A = Kills in this place as a percentage of kills in entire the game.
 B = Kills by you in this place as a percentage of kills by you in the entire game.
 C = Kills by friends in this place as a percentage of kills by friends in the entire game.
 D = Other kills in this place as a percentage of other kills in the entire game.
 E = Experience gained in this place as a percentage of experience gained in the entire game.
 F = Experience gained in this place divided by the number of levels of this place that you have seen.
                   A       B       C       D       E      F
               +-------+-------+-------+-------+-------+----------------------
         Total | 100.0 | 100.0 |  -nan |  -nan | 100.0 |  55.7
       Dungeon | 100.0 | 100.0 |  -nan |  -nan | 100.0 |  55.7
               +-------+-------+-------+-------+-------+----------------------
